 Dungeon Sprint DCSS version 0.17-a0-2109-g117576f (webtiles) character file.

17600000 HenryFlower the Axe Maniac (level 27, -12/247 (249) HPs)
             Began as a Demonspawn Transmuter on Oct 20, 2015.
             Was the Champion of Makhleb.
             Killed by the air
             ... invoked by a tyrant
              (56 damage)
             ... in the Dungeon (Sprint VIII: "Arena of Blood").
             The game lasted 00:07:06 (176 turns).

HenryFlower the Axe Maniac (Demonspawn Transmuter)   Turns: 176, Time: 00:07:06

HP:   -12/247 (249) AC:  8    Str: 18    XL:     27
MP:   54/54         EV: 45    Int: 17    God:    Makhleb [******]
Gold: 0             SH:  4    Dex: 27    Spells: 1 memorised, 79 levels left

rFire  + . .     SeeInvis +     k - +∞ Axe of Woe
rCold  . . .     Clarity  .     b - +0 robe
rNeg   + . .     SustAt   .     (no shield)
rPois  .         Gourm    .     (helmet unavailable)
rElec  .         Spirit   .     (no cloak)
rCorr  .         Warding  .     (no gloves)
rMut   .         NoTele   +     (no boots)
MR     ++...                    (no amulet)
Stlth  ++++++++++               g - ring of protection from fire
                                j - ring of see invisible

@: mighty, agile, lethally poisoned (-12 -> -12), very slightly contaminated,
slowed, very slow, very resistant to hostile enchantments, uncannily stealthy
A: antennae 3, large bone plates 3, negative energy resistance 1, powered by
death 3, powered by pain 3, 50% torment resistance, black mark
a: Minor Destruction, Lesser Servant of Makhleb, Major Destruction, Greater
Servant of Makhleb, Renounce Religion


You were in the Dungeon.
You worshipped Makhleb.
Makhleb was exalted by your worship.
You were not hungry.

You visited 1 branch

Inventory:

Hand Weapons
 k - the +∞ Axe of Woe (weapon)
   (You found it in the Dungeon)
Missiles
 a - 12 arrows
Armour
 b - a +0 robe (worn)
Jewellery
 g - a ring of protection from fire (right hand)
 j - a ring of see invisible (left hand)
Potions
 e - a potion of curing
 f - a potion of heal wounds
 h - 2 potions of magic
 i - a potion of berserk rage
Books
 c - a book of Changes

   Spells                             Type                      Level
   a - Beastly Appendage              Transmutation                1
   b - Sticks to Snakes               Transmutation                2
   c - Spider Form                    Transmutation/Poison         3
   d - Ice Form                       Ice/Transmutation            4
   e - Blade Hands                    Transmutation                5
Comestibles
 d - a bread ration


   Skills:
 O Level 27 Fighting
 O Level 27 Axes
 O Level 27 Throwing
 O Level 27 Armour
 O Level 27 Dodging
 O Level 27 Stealth
 O Level 27 Unarmed Combat
 O Level 27 Spellcasting
 O Level 27 Transmutations
 O Level 27 Invocations


You had 79 spell levels left.
You knew the following spells:

 Your Spells              Type           Power        Failure   Level  Hunger
a - Beastly Appendage     Trmt           ######       0%          1    None


Dungeon Overview and Level Annotations

Branches:
Dungeon (1/1)

Altars:
Makhleb


Innate Abilities, Weirdness & Mutations

You have a pair of large antennae on your head (SInv).
You are completely covered in large bone plates (AC +4, SH +4).
You resist negative energy.
You regenerate a lot of health from kills.
You are powered by pain.
You are somewhat able to resist unholy torments (1 in 2 success).
Your melee attacks may debilitate your foes.


Message History

You hear a shout! x2
The observer gazes at you.
The fireball explodes!
The fireball engulfs you! You resist.
* * * LOW HITPOINT WARNING * * *
You hear a shout! x2
The accursed casts a spell at you. Something smites you!
* * * LOW HITPOINT WARNING * * *
You focus on the pain.
You feel mightier all of a sudden.
The eight-headed meat hydra calls on the powers of darkness!
The eight-headed meat hydra convulses!
The observer convulses!
The eight-headed meat hydra convulses!
The observer convulses!
Your body is wracked with pain!
* * * LOW HITPOINT WARNING * * *
The fleshlord convulses!
You hear a shout!
The tyrant waves its bony arms in wide circles.
The air twists around and strikes you!
You die...

........# ..... ..........
..... ...........
.....####..........#
..........)........#
V....)..))..#......#
.....o§§..)........# ..
.......p))W))#D.....# #..
..#....G§@D%)))......# #..
..#.....))))))##)....# ##..
...###.XX..)))))))....#
....###....X.LD...))###)....#
....._......XGW...G.........#
. #.....#......X#.#.........#
o.#_.<._#.D.........M.....).#
..#.....#......#.#.#.......)#
....._................{.{...#


You could see an accursed, a tentacled monstrosity, a tyrant, 4 eight-headed
meat hydras, a destroyer (wandering), 3 observers, a fleshlord, 4 large
abominations, 2 wretched souls and a bag of meat.

Vanquished Creatures
  8 hell knights (D)
  9 hell beasts (D)
  Edmund (D)
  5 greater mummies (D)
  2 great orbs of eyes (D)
  7 wraiths (D)
  18 vampire knights (D)
  38 ogres (D)
  8 liches (D)
  4 hydras (D)
  81 orcs (D)
  9 phantoms (D)
  8 hill giants (D)
  5 skeletal warriors (D)
  8 sea snakes (D)
  9 small abominations (D)
  6 large abominations (D)
  16 crawling corpses (D)
242 creatures vanquished.

Vanquished Creatures (others)
  3 great orbs of eyes (D)
  Harold (D)
  8 ogres (D)
  A hydra (D)
  18 orcs (D)
  A sea snake (D)
  13 crawling corpses (D)
45 creatures vanquished.

Grand Total: 287 creatures vanquished

Notes
Turn   | Place    | Note
--------------------------------------------------------------
     0 | D        | HenryFlower the Demonspawn Transmuter began the quest for the Orb.
     0 | D        | Reached XP level 1. HP: 15/15 MP: 3/3
     4 | D        | Noticed a bag of meat
     4 | D        | Became a worshipper of Makhleb the Destroyer
     6 | D        | Noticed a bag of meat
     7 | D        | Noticed a bag of meat
     8 | D        | Noticed a bag of meat
     8 | D        | Noticed a bag of meat
     8 | D        | Noticed a bag of meat
     8 | D        | Noticed a bag of meat
     8 | D        | Noticed a bag of meat
     8 | D        | Noticed a bag of meat
     8 | D        | Noticed a bag of meat
     8 | D        | Noticed a large bag of meat
     9 | D        | Noticed a bag of meat
     9 | D        | Noticed a bag of meat
     9 | D        | Noticed a bag of meat
     9 | D        | Noticed a bag of meat
    10 | D        | Killed a bag of meat
    10 | D        | Reached skill level 13 in Fighting
    10 | D        | Gained mutation: You regenerate a little health from kills. [demonic ancestry]
    10 | D        | Reached XP level 2. HP: 18/40 MP: 3/15
    10 | D        | Reached XP level 3. HP: 20/46 MP: 3/16
    10 | D        | Reached XP level 4. HP: 23/53 MP: 3/18
    10 | D        | Gained mutation: You have a pair of small antennae on your head. [demonic ancestry]
    10 | D        | Reached XP level 5. HP: 25/59 MP: 3/19
    10 | D        | Gained mutation: You have a pair of antennae on your head. [demonic ancestry]
    10 | D        | Reached XP level 6. HP: 27/66 MP: 3/21
    10 | D        | Gained mutation: You have a pair of large antennae on your head (SInv). [demonic ancestry]
    10 | D        | Reached XP level 7. HP: 29/72 MP: 3/22
    10 | D        | Gained mutation: You sometimes gain a little power by taking damage. [demonic ancestry]
    10 | D        | Reached XP level 8. HP: 31/79 MP: 3/24
    10 | D        | Gained mutation: You are partially covered in large bone plates (AC +2, SH +2). [demonic ancestry]
    10 | D        | Reached XP level 9. HP: 33/85 MP: 3/25
    10 | D        | Reached XP level 10. HP: 35/92 MP: 3/26
    10 | D        | Reached XP level 11. HP: 37/98 MP: 3/27
    11 | D        | Noticed a bag of meat
    11 | D        | Noticed a meat berserker
    11 | D        | Noticed a meat berserker
    11 | D        | Noticed a meat berserker
    11 | D        | Killed a bag of meat
    11 | D        | Reached * piety under Makhleb
    11 | D        | Reached skill level 16 in Axes
    11 | D        | Gained mutation: You are mostly covered in large bone plates (AC +3, SH +3). [demonic ancestry]
    11 | D        | Reached XP level 12. HP: 39/105 MP: 3/28
    11 | D        | Killed a meat berserker
    11 | D        | Reached skill level 23 in Axes
    11 | D        | Gained mutation: You sometimes gain power by taking damage. [demonic ancestry]
    11 | D        | Reached XP level 13. HP: 111/111 MP: 3/29
    11 | D        | Reached XP level 14. HP: 118/118 MP: 3/30
    11 | D        | Killed a bag of meat
    11 | D        | Reached ** piety under Makhleb
    11 | D        | Reached skill level 25 in Axes
    12 | D        | Noticed a meat berserker
    12 | D        | Noticed a meat berserker
    12 | D        | Killed a large bag of meat
    12 | D        | Reached skill level 27 in Axes
    12 | D        | Gained mutation: You are completely covered in large bone plates (AC +4, SH +4). [demonic ancestry]
    12 | D        | Reached XP level 15. HP: 98/127 MP: 21/31
    12 | D        | Killed a bag of meat
    12 | D        | Reached *** piety under Makhleb
    12 | D        | Killed a bag of meat
    12 | D        | Killed a bag of meat
    12 | D        | Gained mutation: You resist negative energy. [demonic ancestry]
    12 | D        | Reached XP level 16. HP: 154/161 MP: 21/32
    12 | D        | Killed a bag of meat
    12 | D        | Reached **** piety under Makhleb
    12 | D        | Reached skill level 27 in Fighting
    13 | D        | Noticed a bag of meat
    13 | D        | Killed a bag of meat
    13 | D        | Killed a meat berserker
    13 | D        | Gained mutation: You regenerate health from kills. [demonic ancestry]
    13 | D        | Reached XP level 17. HP: 174/174 MP: 22/34
    13 | D        | Killed a bag of meat
    13 | D        | Reached ***** piety under Makhleb
    13 | D        | Reached skill level 27 in Invocations
    14 | D        | Noticed a bag of meat
    14 | D        | Killed a meat berserker
    14 | D        | Killed a bag of meat
    14 | D        | Reached XP level 18. HP: 135/182 MP: 35/35
    14 | D        | Killed a meat berserker
    14 | D        | Reached skill level 27 in Stealth
    14 | D        | Reached skill level 5 in Throwing
    14 | D        | Reached skill level 5 in Armour
    14 | D        | Killed a bag of meat
    14 | D        | Killed a bag of meat
    14 | D        | Reached skill level 15 in Dodging
    14 | D        | Reached skill level 15 in Unarmed Combat
    14 | D        | Reached skill level 15 in Spellcasting
    14 | D        | Reached skill level 15 in Transmutations
    15 | D        | Noticed a bag of meat
    15 | D        | Noticed a meat berserker
    15 | D        | Noticed a large bag of meat
    16 | D        | Noticed a meat berserker
    16 | D        | Noticed a bag of meat
    16 | D        | Noticed a bag of meat
    16 | D        | Noticed a meat berserker
    16 | D        | Noticed a bag of meat
    16 | D        | Killed a meat berserker
    16 | D        | Reached ****** piety under Makhleb
    16 | D        | Gained mutation: You are somewhat able to resist unholy torments (1 in 2 success). [demonic ancestry]
    16 | D        | Reached XP level 19. HP: 189/189 MP: 37/39
    16 | D        | Killed a meat berserker
    17 | D        | Noticed a meat berserker
    17 | D        | Noticed a bag of meat
    18 | D        | Noticed a bag of meat
    18 | D        | Noticed a meat berserker
    19 | D        | Killed a bag of meat
    19 | D        | Reached skill level 15 in Throwing
    19 | D        | Reached skill level 15 in Armour
    20 | D        | Noticed a bag of meat
    20 | D        | Killed a bag of meat
    20 | D        | Reached XP level 20. HP: 197/197 MP: 38/43
    21 | D        | Noticed a meat berserker
    21 | D        | Killed a large bag of meat
    21 | D        | Killed a meat berserker
    21 | D        | Killed a bag of meat
    23 | D        | Noticed a meat berserker
    24 | D        | Killed a bag of meat
    24 | D        | Killed a meat berserker
    24 | D        | Reached XP level 21. HP: 204/204 MP: 39/47
    25 | D        | Killed a meat berserker
    26 | D        | Noticed a bag of meat
    26 | D        | Noticed a destroyer
    26 | D        | Noticed a destroyer
    26 | D        | Noticed a large bag of meat
    26 | D        | Noticed a destroyer
    27 | D        | Noticed a bag of meat
    27 | D        | Noticed a bag of meat
    27 | D        | Killed a meat berserker
    28 | D        | Noticed a bag of meat
    28 | D        | Killed a bag of meat
    29 | D        | Noticed a destroyer
    30 | D        | Killed a bag of meat
    30 | D        | Reached XP level 22. HP: 206/212 MP: 40/50
    30 | D        | Killed a destroyer
    30 | D        | Killed a meat berserker
    30 | D        | Killed a meat berserker
    30 | D        | Reached skill level 27 in Dodging
    30 | D        | Reached skill level 27 in Unarmed Combat
    30 | D        | Reached skill level 27 in Spellcasting
    30 | D        | Reached skill level 27 in Transmutations
    30 | D        | Reached XP level 23. HP: 219/219 MP: 40/54
    31 | D        | Noticed a large bag of meat
    31 | D        | Killed a bag of meat
    31 | D        | Killed a bag of meat
    31 | D        | Reached skill level 27 in Throwing
    31 | D        | Reached skill level 27 in Armour
    31 | D        | Killed a bag of meat
    32 | D        | Noticed a bag of meat
    32 | D        | Noticed a sculptor of flesh
    32 | D        | Killed a destroyer
    33 | D        | Killed a bag of meat
    33 | D        | Killed a bag of meat
    33 | D        | Gained mutation: Your melee attacks may debilitate your foes. [demonic ancestry]
    33 | D        | Reached XP level 24. HP: 227/227 MP: 41/54
    33 | D        | Killed a large bag of meat
    34 | D        | Noticed a meat berserker
    35 | D        | Killed a bag of meat
    35 | D        | Killed a destroyer
    36 | D        | Killed a bag of meat
    36 | D        | Killed a bag of meat
    37 | D        | Killed a bag of meat
    38 | D        | Noticed a bag of meat
    38 | D        | Noticed a sculptor of flesh
    39 | D        | Killed a large bag of meat
    41 | D        | Killed a meat berserker
    41 | D        | Gained mutation: You regenerate a lot of health from kills. [demonic ancestry]
    41 | D        | Reached XP level 25. HP: 234/234 MP: 54/54
    42 | D        | Killed a destroyer
    43 | D        | Killed a bag of meat
    43 | D        | Killed a bag of meat
    47 | D        | Noticed a bag of meat
    48 | D        | Noticed a destroyer
    48 | D        | Noticed a meat berserker
    48 | D        | Noticed a bag of meat
    48 | D        | Noticed a bag of meat
    49 | D        | Noticed a bag of meat
    49 | D        | Noticed a bag of meat
    49 | D        | Noticed a bag of meat
    50 | D        | Noticed a bag of meat
    50 | D        | Noticed a bag of meat
    50 | D        | Noticed a bag of meat
    51 | D        | Noticed a bag of meat
    51 | D        | Noticed a meat berserker
    51 | D        | Killed a meat berserker
    52 | D        | Noticed a meat berserker
    52 | D        | Noticed a bag of meat
    53 | D        | Noticed a meat berserker
    53 | D        | Noticed a bag of meat
    53 | D        | Noticed a meat berserker
    54 | D        | Noticed a bag of meat
    54 | D        | Noticed a bag of meat
    54 | D        | Killed a bag of meat
    54 | D        | Killed a bag of meat
    54 | D        | Gained mutation: You are powered by pain. [demonic ancestry]
    54 | D        | Reached XP level 26. HP: 242/242 MP: 54/54
    54 | D        | Killed a bag of meat
    55 | D        | Noticed a bag of meat
    55 | D        | Noticed a destroyer
    55 | D        | Noticed a bag of meat
    55 | D        | Noticed a bag of meat
    55 | D        | Noticed a bag of meat
    55 | D        | Noticed a bag of meat
    56 | D        | Noticed a large bag of meat
    56 | D        | Noticed a bag of meat
    56 | D        | Killed a bag of meat
    56 | D        | Killed a bag of meat
    57 | D        | Noticed a tyrant
    57 | D        | Noticed a tyrant
    57 | D        | Killed a bag of meat
    58 | D        | Noticed a bag of meat
    58 | D        | Noticed a bag of meat
    58 | D        | Killed a meat berserker
    59 | D        | Killed a bag of meat
    60 | D        | Noticed a bag of meat
    60 | D        | Noticed a bag of meat
    60 | D        | Killed a bag of meat
    61 | D        | Killed a meat berserker
    61 | D        | Reached XP level 27. HP: 249/249 MP: 54/54
    61 | D        | Killed a sculptor of flesh
    62 | D        | Noticed a bag of meat
    63 | D        | Noticed a bag of meat
    63 | D        | Killed a bag of meat
    63 | D        | Killed a meat berserker
    63 | D        | Killed a meat berserker
    64 | D        | Killed a bag of meat
    64 | D        | Killed a bag of meat
    64 | D        | Killed a bag of meat
    65 | D        | Noticed a tyrant
    66 | D        | Noticed a meat berserker
    66 | D        | Killed a large bag of meat
    66 | D        | Killed a bag of meat
    67 | D        | Killed a tyrant
    68 | D        | Killed a bag of meat
    68 | D        | Killed a destroyer
    69 | D        | Noticed a bag of meat
    69 | D        | Killed a bag of meat
    69 | D        | Killed a destroyer
    71 | D        | Noticed a meat berserker
    71 | D        | Killed a bag of meat
    71 | D        | Killed a bag of meat
    72 | D        | Killed a bag of meat
    73 | D        | Noticed a bag of meat
    73 | D        | Noticed a destroyer
    73 | D        | Noticed a meat beast
    73 | D        | Noticed a bag of meat
    74 | D        | Killed a bag of meat
    74 | D        | Killed a bag of meat
    74 | D        | Killed a bag of meat
    76 | D        | Killed a bag of meat
    82 | D        | Noticed a meat berserker
    83 | D        | Noticed a meat berserker
    84 | D        | Noticed a bag of meat
    84 | D        | Noticed a bag of meat
    84 | D        | Noticed a meat berserker
    85 | D        | Killed a meat berserker
    86 | D        | Noticed a meat beast
    87 | D        | Noticed a meat beast
    87 | D        | Killed a bag of meat
    87 | D        | Killed a meat berserker
    88 | D        | Noticed a bag of meat
    89 | D        | Killed a bag of meat
    89 | D        | Killed a meat berserker
    91 | D        | Killed a bag of meat
    91 | D        | Killed a meat beast
    91 | D        | Killed a meat berserker
    92 | D        | Killed a meat beast
    92 | D        | Killed a meat beast
    94 | D        | Noticed a wretched soul
    95 | D        | Killed a bag of meat
    98 | D        | Noticed a wretched soul
   101 | D        | Noticed a tyrant
   101 | D        | Killed a destroyer
   102 | D        | Killed a bag of meat
   103 | D        | Noticed a tyrant
   103 | D        | Noticed a bag of meat
   104 | D        | Noticed a bag of meat
   104 | D        | Noticed a bag of meat
   104 | D        | Noticed a bag of meat
   104 | D        | Noticed a bag of meat
   105 | D        | Noticed a large bag of meat
   105 | D        | Noticed a bag of meat
   105 | D        | Noticed a bag of meat
   106 | D        | Noticed a bag of meat
   106 | D        | Killed a wretched soul
   107 | D        | Noticed a destroyer
   107 | D        | Noticed a meat berserker
   107 | D        | Noticed a bag of meat
   107 | D        | Noticed a bag of meat
   107 | D        | Noticed a meat berserker
   107 | D        | Noticed a dread
   108 | D        | Noticed a bag of meat
   109 | D        | Noticed a bag of meat
   109 | D        | Noticed a sculptor of flesh
   109 | D        | Noticed a bag of meat
   109 | D        | Noticed a meat berserker
   109 | D        | Noticed a meat berserker
   109 | D        | Noticed a meat berserker
   109 | D        | Noticed a bag of meat
   109 | D        | Noticed a destroyer
   109 | D        | Noticed a destroyer
   109 | D        | Noticed a sculptor of flesh
   109 | D        | Noticed a tyrant
   110 | D        | Noticed a bag of meat
   110 | D        | Noticed a bag of meat
   110 | D        | Noticed an observer
   110 | D        | Noticed a large bag of meat
   110 | D        | Killed a bag of meat
   110 | D        | Killed a bag of meat
   111 | D        | Noticed a tyrant
   111 | D        | Killed a destroyer
   111 | D        | Killed a destroyer
   111 | D        | Killed a meat berserker
   112 | D        | Noticed a bag of meat
   112 | D        | Noticed a bag of meat
   112 | D        | Killed a meat berserker
   112 | D        | Killed a bag of meat
   112 | D        | Killed a bag of meat
   113 | D        | Noticed a bag of meat
   113 | D        | Noticed a bag of meat
   113 | D        | Killed a meat berserker
   114 | D        | Noticed The Servant
   114 | D        | Noticed a meat berserker
   114 | D        | Noticed a bag of meat
   114 | D        | Noticed an observer
   114 | D        | Noticed a dread
   114 | D        | Noticed a meat berserker
   114 | D        | Noticed a bag of meat
   114 | D        | Noticed a wretched soul
   114 | D        | Noticed a dread
   115 | D        | Noticed a bag of meat
   115 | D        | Noticed a meat berserker
   115 | D        | Noticed an accursed
   115 | D        | Noticed an accursed
   115 | D        | Noticed a meat berserker
   115 | D        | Noticed a meat beast
   115 | D        | Killed a meat berserker
   115 | D        | Killed a bag of meat
   116 | D        | Noticed a bag of meat
   116 | D        | Noticed a bag of meat
   116 | D        | Noticed a destroyer
   116 | D        | Noticed an accursed
   116 | D        | Noticed a dread
   116 | D        | Killed a sculptor of flesh
   116 | D        | Killed a bag of meat
   117 | D        | Killed a meat berserker
   118 | D        | Noticed an observer
   118 | D        | Killed a bag of meat
   118 | D        | Killed a meat berserker
   119 | D        | Noticed a wretched soul
   119 | D        | Killed a bag of meat
   119 | D        | Killed a destroyer
   120 | D        | Noticed a bag of meat
   120 | D        | Noticed a bag of meat
   121 | D        | Noticed a fleshlord
   121 | D        | Killed a meat beast
   122 | D        | Killed a tyrant
   123 | D        | Noticed a meat berserker
   123 | D        | Killed a meat berserker
   124 | D        | Noticed a dread
   124 | D        | Killed a large bag of meat
   124 | D        | Killed a dread
   124 | D        | Killed a bag of meat
   125 | D        | Noticed a bag of meat
   125 | D        | Killed a tyrant
   125 | D        | Killed a meat berserker
   125 | D        | Killed a bag of meat
   125 | D        | Killed a meat berserker
   125 | D        | Killed The Servant
   125 | D        | Killed a meat berserker
   125 | D        | Killed a bag of meat
   125 | D        | Killed a bag of meat
   126 | D        | Noticed a meat berserker
   126 | D        | Killed a bag of meat
   127 | D        | Noticed a bag of meat
   127 | D        | Noticed a meat berserker
   127 | D        | Killed a sculptor of flesh
   128 | D        | Noticed a dread
   129 | D        | Noticed a tyrant
   129 | D        | Noticed a meat beast
   129 | D        | Killed a wretched soul
   130 | D        | Noticed a fleshlord
   130 | D        | Killed a fleshlord
   131 | D        | Noticed a fleshlord
   132 | D        | Noticed a meat berserker
   132 | D        | Killed a tyrant
   132 | D        | Killed a bag of meat
   134 | D        | Noticed a wretched soul
   134 | D        | Noticed a wretched soul
   134 | D        | Killed a meat berserker
   134 | D        | Killed a wretched soul
   135 | D        | Noticed a fleshlord
   135 | D        | Killed a meat berserker
   135 | D        | Killed a bag of meat
   135 | D        | Killed a bag of meat
   135 | D        | Killed an observer
   136 | D        | Noticed a destroyer
   136 | D        | Noticed The Defiler
   136 | D        | Killed a meat berserker
   136 | D        | Killed an observer
   136 | D        | Killed a bag of meat
   137 | D        | Killed a destroyer
   137 | D        | Noticed a bag of meat
   138 | D        | Noticed a bag of meat
   138 | D        | Killed a meat beast
   139 | D        | Killed a wretched soul
   139 | D        | Killed a fleshlord
   140 | D        | Noticed a meat beast
   141 | D        | Killed a fleshlord
   141 | D        | Killed a meat berserker
   142 | D        | Noticed a meat berserker
   142 | D        | Killed a bag of meat
   142 | D        | Killed an observer
   142 | D        | Killed a bag of meat
   142 | D        | Killed a bag of meat
   142 | D        | Noticed a destroyer
   143 | D        | Killed a meat beast
   143 | D        | Killed a fleshlord
   144 | D        | Killed a tyrant
   144 | D        | Killed a dread
   145 | D        | Noticed a meat berserker
   145 | D        | Noticed a meat berserker
   146 | D        | Killed an accursed
   146 | D        | Killed a dread
   146 | D        | Killed a bag of meat
   146 | D        | Killed a dread
   146 | D        | Killed a bag of meat
   146 | D        | Killed a bag of meat
   147 | D        | Killed The Defiler
   147 | D        | Killed a destroyer
   147 | D        | Killed a bag of meat
   147 | D        | Killed a bag of meat
   147 | D        | Killed a bag of meat
   147 | D        | Killed a bag of meat
   148 | D        | Noticed an accursed
   149 | D        | Killed a large bag of meat
   149 | D        | Killed a bag of meat
   149 | D        | Killed a bag of meat
   149 | D        | HP: 10/249 [large bag of meat/exploding inner flame (14)]
   149 | D        | Killed a bag of meat
   149 | D        | Killed a meat berserker
   149 | D        | Killed a meat berserker
   149 | D        | Killed a bag of meat
   149 | D        | Killed a dread
   149 | D        | Killed an accursed
   150 | D        | Noticed a bag of meat
   150 | D        | Killed a tyrant
   150 | D        | Killed a dread
   150 | D        | Killed a meat berserker
   151 | D        | Killed a sculptor of flesh
   151 | D        | Killed a bag of meat
   151 | D        | Killed a bag of meat
   152 | D        | Noticed a meat berserker
   152 | D        | Killed a bag of meat
   152 | D        | Killed a wretched soul
   152 | D        | Killed a bag of meat
   153 | D        | Killed a tyrant
   153 | D        | Killed an accursed
   154 | D        | Noticed a bag of meat
   154 | D        | Noticed a destroyer
   154 | D        | Noticed a destroyer
   154 | D        | Noticed a meat berserker
   154 | D        | Noticed a tyrant
   154 | D        | Killed a bag of meat
   155 | D        | Noticed a meat beast
   155 | D        | Noticed a wretched soul
   156 | D        | Noticed a meat berserker
   156 | D        | Killed a wretched soul
   156 | D        | Killed a meat berserker
   157 | D        | Noticed a bag of meat
   157 | D        | Noticed a wretched soul
   157 | D        | Killed a bag of meat
   158 | D        | Noticed a meat beast
   158 | D        | Killed a tyrant
   158 | D        | Killed a meat berserker
   159 | D        | Noticed a meat berserker
   159 | D        | Noticed a meat berserker
   159 | D        | Killed a meat beast
   159 | D        | Killed an accursed
   159 | D        | Killed a destroyer
   160 | D        | Noticed a destroyer
   161 | D        | Noticed a large bag of meat
   161 | D        | Noticed a wretched soul
   161 | D        | Noticed a fleshlord
   161 | D        | Noticed an accursed
   161 | D        | Killed a meat beast
   161 | D        | Killed a wretched soul
   161 | D        | Killed a meat berserker
   162 | D        | Noticed a fleshlord
   162 | D        | Noticed a bag of meat
   162 | D        | Killed a bag of meat
   162 | D        | Killed a destroyer
   163 | D        | Noticed a fleshlord
   163 | D        | Killed a wretched soul
   163 | D        | Killed a destroyer
   164 | D        | Noticed a bag of meat
   164 | D        | Noticed an observer
   164 | D        | Killed a meat berserker
   164 | D        | Killed a destroyer
   164 | D        | Killed a bag of meat
   164 | D        | Killed a meat berserker
   165 | D        | Noticed a destroyer
   165 | D        | Noticed a destroyer
   165 | D        | Noticed a meat berserker
   166 | D        | Noticed a dread
   166 | D        | Killed a large bag of meat
   166 | D        | Killed a bag of meat
   166 | D        | Killed a bag of meat
   166 | D        | Killed an observer
   166 | D        | Killed a fleshlord
   167 | D        | Noticed a bag of meat
   167 | D        | Killed a fleshlord
   167 | D        | Killed a destroyer
   168 | D        | Killed a fleshlord
   168 | D        | Killed a bag of meat
   168 | D        | Killed a dread
   169 | D        | Noticed a meat berserker
   169 | D        | Killed a meat berserker
   169 | D        | Killed an accursed
   169 | D        | Killed a wretched soul
   170 | D        | Noticed a fleshlord
   170 | D        | Killed a destroyer
   171 | D        | Noticed a wretched soul
   171 | D        | Noticed a fleshlord
   171 | D        | Noticed a tyrant
   171 | D        | Noticed an observer
   171 | D        | Noticed a meat beast
   172 | D        | Noticed a bag of meat
   172 | D        | Killed a meat berserker
   173 | D        | Noticed a wretched soul
   173 | D        | Noticed an accursed
   173 | D        | Noticed an observer
   174 | D        | Killed a meat beast
   174 | D        | Noticed an observer
   175 | D        | Killed a bag of meat
   175 | D        | Killed an observer
   175 | D        | Noticed an observer
   176 | D        | Killed a fleshlord
   176 | D        | Killed from afar by a tyrant

Vault maps used:
D:        meatsprint

Action                   |  1- 3 |  4- 6 |  7- 9 | 10-12 | 13-15 | 16-18 | 19-21 | 22-24 | 25-27 || total
-------------------------+-------+-------+-------+-------+-------+-------+-------+-------+-------++-------
Melee: Executioner's axe |     1 |       |       |     1 |     1 |     3 |     8 |     8 |    91 ||   113
  Use: Scroll            |       |       |       |       |       |       |     1 |       |       ||     1
       Potion            |       |       |       |       |       |       |       |     1 |       ||     1
